 Dungeon Crawl Stone Soup version 0.27-a0-101-g3cb999cee2 (webtiles) character file.

Game seed: 2326204189755476797

844 poggers the Cleaver (level 8, -2/70 HPs)
             Began as a Hill Orc Berserker on Jan 21, 2021.
             Was a Priest of Trog.
             Slain by a sky beast (5 damage)
             ... on level 7 of the Dungeon.
             The game lasted 00:14:46 (4783 turns).

poggers the Cleaver (Hill Orc Berserker)            Turns: 4783, Time: 00:14:48

Health: -2/70      AC:  7    Str: 22    XL:     8   Next: 0%
Magic:  8/8        EV: 12    Int:  7    God:    Trog [***...]
Gold:   246        SH:  0    Dex: 10    Spells: 7/7 levels left

rFire    . . .     SeeInvis .   a - +0 hand axe
rCold    . . .     Faith    .   (no shield)
rNeg     . . .     Spirit   .   k - +0 ring mail
rPois    .         Reflect  .   q - +0 helmet
rElec    .         Harm     .   (no cloak)
rCorr    .         Rampage  .   (no gloves)
Will     ++...                  (no boots)
Stlth    +.........             (no amulet)
HPRegen  1.21/turn              (no ring)
MPRegen  0.11/turn              (no ring)

@: regenerating (expiring)
A: no striking features
a: Renounce Religion, Berserk, Trog's Hand


You were on level 7 of the Dungeon.
You worshipped Trog.
Trog was most pleased with you.
You visited 1 branch of the dungeon, and saw 5 of its levels.

You collected 246 gold pieces.

Inventory:

Hand Weapons
 a - a +0 hand axe (weapon)
Armour
 k - a +0 ring mail (worn)
 q - a +0 helmet (worn)
Jewellery
 n - an uncursed amulet of magic regeneration
Wands
 m - a wand of polymorph (4)
Scrolls
 c - a scroll of fog
 d - a scroll of blinking {unknown}
 e - a scroll of identify
 f - 4 scrolls of teleportation
 g - 2 scrolls of immolation
 h - 6 scrolls of remove curse
 j - 2 scrolls of enchant weapon
 p - a scroll of amnesia {unknown}
Potions
 b - a potion of resistance
 i - 2 potions of berserk rage
 l - 2 potions of curing
 o - a potion of heal wounds {unknown}


   Skills:
 + Level 5.8 Fighting
 + Level 8.6 Axes
 + Level 4.5 Armour
 + Level 3.1 Dodging
 + Level 0.6 Stealth
 + Level 0.3 Unarmed Combat


You had 7 spell levels left.
You didn't know any spells.
Your spell library contained the following spells:

 Spells                   Type           Power        Failure   Level
 Animate Skeleton         Necr           0%           58%         1
 Apportation              Tloc           0%           58%         1
 Corona                   Hex            0%           58%         1
 Summon Small Mammal      Summ           0%           58%         1


Dungeon Overview and Level Annotations

Branches:
Dungeon (4/15)
 Temple: D:4-7

Altars:
Wu Jian

Annotations:
D:7 Menkaure


Message History

You have reached level 8!
You slash Menkaure!
Menkaure is moderately damaged.
You closely miss something. Something hits you but does no damage.
Menkaure barely misses you.
Unknown command.
Your ring mail prevents you from hitting Menkaure.
Menkaure is moderately damaged.
You hit something. Something hits you but does no damage.
A sky beast comes into view.
Menkaure hits you.
* * * LOW HITPOINT WARNING * * *
Your ring mail prevents you from hitting Menkaure.
Menkaure is moderately damaged.
You closely miss something.
You feel the effects of Trog's Hand fading.
Something hits you.
* * * LOW HITPOINT WARNING * * *
Something shocks you.
You die...

..Y. .... ### .....
####.. .....
####..... ......
######....###.
......#####........##
#.
......†............#
#.
......M@{..........#
#.
.......###.........#
## .....##
#.........# ....
##.........# ###
#..........#
#..[.....###
#.......## #.....###
#....##


You could see a sky beast and Menkaure.

Vanquished Creatures
  Eustachio (D:4)
  3 bullfrogs (D:7)
  A scorpion (D:7)
  A hound (D:7)
  A bullfrog skeleton (D:4)
  A centaur skeleton (D:4)
  An orc priest (D:4)
  Natasha (twice) (D:2)
  2 worker ants (D:4)
  An orc wizard (D:4)
  10 adders
  A howler monkey skeleton (D:4)
  A white imp (D:4)
  An ooze (D:2)
  4 dart slugs (D:1)
  4 leopard geckos
  9 orcs
  7 ball pythons
  5 giant cockroaches
  7 goblins
  7 hobgoblins
  11 jackals
  4 quokkas
  9 bats
  3 frilled lizards
  5 kobolds
  A quokka skeleton (D:4)
  9 rats
112 creatures vanquished.

Notes
Turn   | Place    | Note
-------+----------+-------------------------------------------
     0 | D:1      | poggers the Hill Orc Berserker began the quest for the Orb.
     0 | D:1      | Reached XP level 1. HP: 19/19 MP: 1/1
   216 | D:1      | Reached XP level 2. HP: 27/27 MP: 2/2
   393 | D:1      | Reached XP level 3. HP: 18/34 MP: 3/3
   771 | D:1      | Reached ** piety under Trog
  1287 | D:2      | Noticed Natasha
  1301 | D:2      | Killed Natasha
  1302 | D:2      | Reached skill level 5 in Axes
  1302 | D:2      | Reached XP level 4. HP: 25/41 MP: 4/4
  1704 | D:2      | Found an ornate altar of the Wu Jian Council.
  1902 | D:2      | Noticed Natasha
  1914 | D:2      | Killed Natasha
  1915 | D:2      | Reached XP level 5. HP: 47/47 MP: 5/5
  1937 | D:2      | Reached skill level 6 in Axes
  2953 | D:4      | Noticed Eustachio
  2971 | D:4      | Reached XP level 6. HP: 40/55 MP: 6/6
  2988 | D:4      | Killed Eustachio
  2989 | D:4      | Reached skill level 5 in Fighting
  2989 | D:4      | Reached skill level 7 in Axes
  3397 | D:4      | Reached *** piety under Trog
  3416 | D:4      | Reached XP level 7. HP: 61/61 MP: 7/7
  4215 | D:4      | Reached skill level 8 in Axes
  4566 | D:4      | You fall into a shaft and drop 3 floors!
  4766 | D:7      | Noticed Menkaure
  4779 | D:7      | HP: 3/61 [Menkaure (16)]
  4781 | D:7      | Reached XP level 8. HP: 5/70 MP: 8/8
  4783 | D:7      | Slain by a sky beast

Illustrated notes

Levels and vault maps discovered:
D:1:      shiori_arrival_maze, layout_basic
D:2:      layout_basic, lemuel_crystal_altar, uniq_natasha
D:3:      layout_basic, minmay_snake_closets
D:4:      layout_cave_pods, uniq_eustachio
D:7:      layout_cave_pods, minmay_temple_entry_sparse_star, basic_altar,
          minmay_misc_feat_room, uniq_menkaure, uniq_harold

Skill      XL: |  1  2  3  4  5  6  7 |
---------------+----------------------+-----
Fighting       | 4 5 |  5.8
Axes           | 5 6 7 8 |  8.6
Dodging        | 2 3 |  3.1
Armour         | 3 4 |  4.5
Stealth        | |  0.6
Unarmed Combat | |  0.3

Action                   |  1- 3 |  4- 6 |  7- 9 || total
-------------------------+-------+-------+-------++-------
Melee: Hand axe          |   102 |   212 |   131 ||   445
       Unarmed           |     2 |     7 |       ||     9
       Punch             |       |       |     1 ||     1
Invok: Trog's Hand       |       |     1 |     2 ||     3
       Berserk           |       |       |     2 ||     2
  Use: Potion            |       |     4 |     1 ||     5
       Scroll            |       |     7 |     1 ||     8
 Stab: Sleeping          |     1 |       |       ||     1
Armor: Animal skin       |     5 |       |       ||     5
       Leather armour    |    12 |     4 |       ||    16
       Ring mail         |       |    75 |    54 ||   129
       Skin              |       |    13 |       ||    13
Dodge: Dodged            |    72 |   131 |    99 ||   302

Table legend: (Time is in decaauts)
 A = Elapsed time spent in this place.
 B = Non-inter-level travel time spent in this place.
 C = Inter-level travel time spent in this place.
 D = Time resting spent in this place.
 E = Time spent auto-exploring this place.
 F = Levels seen in this place.
 G = Mean time per level.
                   A        B        C        D        E       F      G
               +--------+--------+--------+--------+--------+-----+--------+
         Total |   4787 |   4735 |     52 |    934 |   2708 |   5 |  957.4 |
       Dungeon |   4787 |   4735 |     52 |    934 |   2708 |   5 |  957.4 |
               +--------+--------+--------+--------+--------+-----+--------+

Top non-repeatable levels by time:
     D:4: 1382 daAuts
     D:1: 1259 daAuts
     D:3: 1159 daAuts
     D:2: 769 daAuts
     D:7: 218 daAuts
